 Dungeon Crawl Stone Soup version 0.31-a0-150-g89dc3ad700 (webtiles) character file.

Game seed: 15993101877645672531

1904 qw the Skirmisher (level 8, -1/73 HPs)
             Began as a Minotaur Hunter on June 8, 2023.
             Slain by an orc warrior
             ... wielding a +0 battleaxe
              (15 damage)
             ... on level 7 of the Dungeon.
             The game lasted 00:02:06 (5027 turns).

qw the Skirmisher (Minotaur Hunter)                 Turns: 5027, Time: 00:02:06

Health: -1/73      AC:  9    Str: 15    XL:     8   Next: 94%
Magic:  7/7        EV: 14    Int:  6    God:
Gold:   138        SH:  0    Dex: 23    Spells: 7/7 levels left

rFire   + . .        Y - +0 arbalest
rCold   . . .        (shield currently unavailable)
rNeg    . . .        i - +0 ring mail
rPois   .            (helmet restricted)
rElec   .            (no cloak)
rCorr   .            e - +0 pair of gloves
SInv    .            p - +1 pair of boots
Will    .....        (no amulet)
Stlth   +            j - ring of protection from fire
HPRegen 0.32/turn    d - +6 ring of dexterity
MPRegen 0.10/turn

%: no passive effects
@: about to teleport
A: horns 2, retaliatory headbutt
a: no special abilities


You were on level 7 of the Dungeon.
You visited 1 branch of the dungeon, and saw 7 of its levels.

You collected 324 gold pieces.
You spent 186 gold pieces at shops.


Innate Abilities, Weirdness & Mutations

You have a pair of horns on your head.
You reflexively headbutt those who attack you in melee.


   Skills:
 - Level 7.2 Fighting
 + Level 10.5 Ranged Weapons
 - Level 3.3 Armour
 - Level 5.0 Dodging
 - Level 0.7 Stealth


You had 7 spell levels left.
You didn't know any spells.
Your spell library was empty.

Inventory:

Hand Weapons
 Y - a +0 arbalest (weapon)
Armour
 e - a +0 pair of gloves (worn)
 i - a +0 ring mail (worn)
 p - a +1 pair of boots (worn)
Jewellery
 d - a +6 ring of dexterity (right hand)
 j - a ring of protection from fire (left hand)
Scrolls
 l - a scroll of teleportation
 q - 2 scrolls of identify
Potions
 a - a potion of cancellation
 b - a potion of might
 g - 6 potions of curing
 h - 2 potions of haste

Dungeon Overview and Level Annotations

Branches:
Dungeon (7/15)
 Temple: D:4-7

Altars:

Shops:
D:4 (:

Annotations:
D:4 3 runed translucent doors, qw's ghost, amateur GrFi
D:6 2 transporters


Message History

An orc priest comes into view. It is wielding a +0 club.
Enter note:
Enter note: You shoot a bolt.
The bolt barely misses the orc warrior.
The bolt barely misses the orc priest.
The orc warrior shouts!
A centaur comes into view.
An orc wizard comes into view. It is wielding a +0 dagger.
The orc priest mumbles some strange prayers to Beogh against you.
Beogh smites you!
The orc wizard shouts!
You shoot a bolt. The bolt barely misses the centaur.
The centaur shouts!
The orc wizard mumbles some strange words.
The orc wizard flickers and vanishes!
Deactivating autopickup; reactivate with Ctrl-A.
You shoot a bolt. The bolt hits the centaur!
The centaur is almost dead.
The centaur wields a +0 orcbow.
The centaur shoots an arrow.
The arrow hits you.
The orc priest calls down the wrath of Beogh upon you.
Beogh smites you!
The centaur shoots an arrow.
The arrow hits you!
You shoot a bolt. The bolt barely misses the orc warrior.
The centaur shoots an arrow.
The arrow hits you.
The orc priest invokes the aid of Beogh against you.
Beogh smites you!
The centaur shoots an arrow.
The arrow hits you.
The orc warrior hits you with a +0 battleaxe!
5025 ||| READING 2 scrolls of teleportation.
As you read the scroll of teleportation, it crumbles to dust.
You feel strangely unstable.
The centaur shoots an arrow.
The arrow barely misses you.
The orc warrior hits you with a +0 battleaxe!
The centaur shoots an arrow.
The arrow hits you but does no damage.
5026 ||| DRINKING potion of heal wounds.
You feel much better.
The centaur shoots an arrow.
The arrow closely misses you.
You shoot a bolt. The bolt hits the orc warrior.
The orc warrior is lightly wounded.
The centaur shoots an arrow.
The arrow hits you!
The orc warrior hits you with a +0 battleaxe!
You die...

..#.... ...#
..#.... ....#
....... <...+
.......###....#
..............#
.....co.......#
.......{.......
......o@..####
....###......#
... ##...#+#+#
.... #).......
....####).......
....)..)........#
........###.....#
##......###.....+
##..............


You could see an orc warrior, a centaur and an orc priest.

Vanquished Creatures
  An acid dragon (D:6)
  A water moccasin (D:7)
  An orc warrior (D:7)
  A black bear (D:6)
  2 ice beasts (D:5)
  2 ogres
  2 centaurs
  A phantom (D:6)
  A bullfrog (D:6)
  A scorpion (D:5)
  A howler monkey (D:5)
  5 hounds
  An orc priest (D:6)
  A gnoll bouda (D:6)
  7 iguanas
  3 orc wizards
  4 gnolls (D:6)
  13 adders
  A shadow imp (D:6)
  2 white imps
  An ufetubus (D:4)
  2 worms (D:2)
  2 dart slugs (D:2)
  25 orcs
  5 ball pythons
  10 endoplasms
  4 giant cockroaches
  7 goblins
  11 hobgoblins
  2 quokkas
  8 bats
  3 frilled lizards
  8 kobolds
  6 rats
145 creatures vanquished.

Notes
Turn   | Place    | Note
-------+----------+-------------------------------------------
     0 | D:1      | qw the Minotaur Hunter began the quest for the Orb.
     0 | D:1      | Reached XP level 1. HP: 18/18 MP: 0/0
     0 | D:1      | 0 ||| qw: Version: 0.2-a-120-gdf1a93b
     0 | D:1      | 0 ||| qw: Game counter: 2961
     0 | D:1      | 0 ||| qw: Always use a shield: true
     0 | D:1      | 0 ||| qw: God list: Okawaru
     0 | D:1      | 0 ||| qw: Allow faded altars: false
     0 | D:1      | 0 ||| qw: Do Orc after D:15 true
     0 | D:1      | 0 ||| qw: Do second Lair branch before Depths: true
     0 | D:1      | 0 ||| qw: Lair rune preference: random
     0 | D:1      | 0 ||| qw: Plans: Normal
     0 | D:1      | 0 ||| PLANNING D:1-11
   155 | D:1      | Reached XP level 2. HP: 25/25 MP: 1/1
   187 | D:1      | Reached skill level 5 in Ranged Weapons
   230 | D:1      | Found a faded altar of an unknown god.
   325 | D:1      | Reached skill level 3 in Fighting
   569 | D:1      | 569 ||| UPGRADING to +0 pair of gloves.
   574 | D:1      | 574 ||| UPGRADING to +0 ring mail.
   584 | D:1      | 584 ||| DROPPING +0 leather armour.
   585 | D:1      | 585 ||| READING 3 scrolls labelled YDYZUUSUIM.
   586 | D:1      | 586 ||| READING 2 scrolls of enchant weapon.
   586 | D:1      | 586 ||| ENCHANTING +1 shortbow.
   587 | D:1      | 587 ||| READING scroll of enchant weapon.
   587 | D:1      | 587 ||| ENCHANTING +2 shortbow.
   588 | D:1      | 588 ||| READING scroll labelled VAH TITIMUA.
   589 | D:1      | 589 ||| READING scroll labelled WAOTIJ JATHYN.
   590 | D:1      | 590 ||| DROPPING scroll of butterflies.
   666 | D:2      | Reached XP level 3. HP: 31/31 MP: 2/2
   708 | D:2      | Reached skill level 1 in Armour
   923 | D:2      | Reached XP level 4. HP: 38/38 MP: 3/3
   963 | D:2      | Reached skill level 6 in Ranged Weapons
  1085 | D:2      | 1085 ||| READING scroll labelled UCWASO RABOPHESE.
  1086 | D:2      | 1086 ||| DRINKING 2 fuming black potions.
  1087 | D:2      | 1087 ||| DRINKING 2 white potions.
  1088 | D:2      | 1088 ||| DROPPING potion of enlightenment.
  1322 | D:3      | Reached XP level 5. HP: 46/46 MP: 4/4
  1891 | D:3      | 1891 ||| UPGRADING to ring of protection from fire.
  1892 | D:3      | 1892 ||| READING scroll labelled DUFEWI UFOIZOLIPS.
  1893 | D:3      | 1893 ||| READING 2 scrolls labelled JUH GIOLUKLOTZ.
  1898 | D:3      | 1898 ||| DRINKING 2 smoky dark potions.
  2042 | D:4      | Reached skill level 7 in Ranged Weapons
  2208 | D:4      | Identified the +5 falchion "Celeph" {heavy, Fragile rC+++
                  | rCorr Str-4}
  2394 | D:4      | Found a runed translucent gate.
  2394 | D:4      | Found a runed translucent gate.
  2394 | D:4      | Found a runed translucent gate.
  2394 | D:4      | Noticed qw's ghost (amateur GrFi)
  2409 | D:4      | Reached XP level 6. HP: 50/52 MP: 5/5
  2417 | D:4      | 2417 ||| READING scroll of enchant weapon.
  2417 | D:4      | 2417 ||| ENCHANTING +3 shortbow.
  2454 | D:4      | Found Ratytuav's Vocational Training.
  2729 | D:4      | Found Boysots's Antique Weapon Boutique.
  2737 | D:4      | 2737 ||| BUYING runed shortbow (186 gold).
  2737 | D:4      | Bought a runed shortbow for 186 gold pieces
  2737 | D:4      | 2737 ||| SWAPPING to +6 shortbow.
  2738 | D:4      | 2738 ||| DROPPING +4 shortbow.
  2939 | D:4      | 2939 ||| UPGRADING to +6 ring of dexterity.
  2940 | D:4      | 2940 ||| DRINKING 2 cyan potions.
  2941 | D:4      | 2941 ||| DRINKING 2 green potions.
  2942 | D:4      | 2942 ||| DRINKING 2 puce potions.
  2943 | D:4      | 2943 ||| DROPPING potion of invisibility.
  2965 | D:5      | Entered Level 5 of the Dungeon
  2965 | D:5      | Noticed an ice beast
  2970 | D:5      | Killed an ice beast
  2971 | D:5      | Reached skill level 3 in Dodging
  3080 | D:5      | Noticed an ice beast
  3085 | D:5      | Killed an ice beast
  3086 | D:5      | Reached skill level 8 in Ranged Weapons
  3133 | D:5      | Reached XP level 7. HP: 60/60 MP: 6/6
  3279 | D:5      | 3279 ||| SWAPPING to +0 arbalest.
  3280 | D:5      | 3280 ||| DROPPING +6 shortbow.
  3799 | D:5      | Reached skill level 9 in Ranged Weapons
  3799 | D:5      | 3799 ||| FLEEEEING.
  3803 | D:5      | 3803 ||| FLEEEEING.
  3804 | D:5      | 3804 ||| FLEEEEING.
  3805 | D:5      | 3805 ||| FLEEEEING.
  3806 | D:5      | 3806 ||| FLEEEEING.
  3906 | D:5      | 3906 ||| UPGRADING to +1 pair of boots.
  3911 | D:5      | 3911 ||| READING 4 scrolls labelled ECIADY MIKHEU.
  3912 | D:5      | 3912 ||| DRINKING 3 blue potions.
  3913 | D:5      | 3913 ||| DRINKING 2 purple potions.
  3914 | D:5      | 3914 ||| READING 3 scrolls of identify.
  3914 | D:5      | 3914 ||| IDENTIFYING yellow potion
  3941 | D:5      | 3941 ||| READING 2 scrolls of identify.
  3941 | D:5      | 3941 ||| IDENTIFYING brown potion
  3942 | D:5      | 3942 ||| DROPPING potion of brilliance.
  3943 | D:5      | 3943 ||| DROPPING 2 potions of degeneration.
  3944 | D:5      | 3944 ||| DROPPING potion of magic.
  3954 | D:5      | Reached skill level 6 in Fighting
  3954 | D:5      | Reached XP level 8. HP: 64/70 MP: 7/7
  4355 | D:6      | Reached skill level 10 in Ranged Weapons
  4379 | D:6      | Reached skill level 3 in Armour
  4436 | D:6      | Found a transporter.
  4440 | D:6      | 4440 ||| READING scroll labelled LYGUFU IGEUST.
  4443 | D:6      | 4443 ||| FLEEEEING.
  4444 | D:6      | 4444 ||| FLEEEEING.
  4445 | D:6      | 4445 ||| FLEEEEING.
  4451 | D:6      | 4451 ||| FLEEEEING.
  4457 | D:6      | 4457 ||| FLEEEEING.
  4458 | D:6      | 4458 ||| FLEEEEING.
  4459 | D:6      | 4459 ||| FLEEEEING.
  4460 | D:6      | 4460 ||| FLEEEEING.
  4461 | D:6      | 4461 ||| FLEEEEING.
  4462 | D:6      | 4462 ||| FLEEEEING.
  4463 | D:6      | 4463 ||| FLEEEEING.
  4464 | D:6      | 4464 ||| FLEEEEING.
  4469 | D:6      | 4469 ||| FLEEEEING.
  4670 | D:6      | Found a transporter.
  5024 | D:7      | HP: 10/73 [orc warrior/+0 battleaxe (12)]
  5025 | D:7      | 5025 ||| READING 2 scrolls of teleportation.
  5025 | D:7      | HP: 2/73 [orc warrior/+0 battleaxe (8)]
  5026 | D:7      | 5026 ||| DRINKING potion of heal wounds.
  5027 | D:7      | Slain by an orc warrior

Levels and vault maps discovered:
D:1:      psy_arrival_basics, layout_basic, ebering_ecumenical_altar_webs,
          minmay_crystal_room
D:2:      layout_rooms
D:3:      layout_basic
D:4:      layout_basic, gammafunk_ghost_split, serial_shops, shop,
          nicolae_shop_vocational
D:5:      minmay_clustersquares, layout_basic, serial_bayou_ford_a
D:6:      gammafunk_steamed_eel, layout_basic
D:7:      layout_basic, minmay_temple_entry_junction, supply_closet_lemuel,
          uniq_joseph

Skill      XL: |  1  2  3  4  5  6  7  8 |
---------------+-------------------------+-----
Ranged Weapons | 5 6 7 8 9 10 | 10.5
Fighting       | 3 4 6 7 |  7.2
Armour         | 1 2 3 |  3.3
Dodging        | 3 4 5 |  5.0
Stealth        | |  0.7

Action                     |  1- 3 |  4- 6 |  7- 9 || total
---------------------------+-------+-------+-------++-------
   Fire: Shortbow          |   108 |   157 |    10 ||   275
         Arbalest          |       |       |   126 ||   126
    Use: Scroll            |     5 |     4 |     5 ||    14
         Potion            |       |     6 |     3 ||     9
 Armour: Leather armour    |     7 |       |       ||     7
         Ring mail         |     5 |    12 |    28 ||    45
  Dodge: Dodged            |    25 |    25 |    48 ||    98

Table legend:
 A = Non-vault XP
 B = Vault XP
 C = Vault XP percentage of total XP
 D = Non-vault monster count
 E = Vault monster count
 F = Vault count percentage of total count
                 A         B        C        D         E       F
            +---------+---------+-------+---------+---------+-------
      Total |    2372 |     349 |  12.8 |     134 |      11 |   7.6
            +---------+---------+-------+---------+---------+-------
        D:1 |      39 |       0 |   0.0 |      25 |       0 |   0.0
        D:2 |      93 |       0 |   0.0 |      22 |       0 |   0.0
        D:3 |     138 |       0 |   0.0 |      27 |       0 |   0.0
        D:4 |     158 |       0 |   0.0 |      20 |       0 |   0.0
        D:5 |     700 |     349 |  33.3 |      13 |      11 |  45.8
        D:6 |     959 |       0 |   0.0 |      22 |       0 |   0.0
        D:7 |     285 |       0 |   0.0 |       5 |       0 |   0.0
            +---------+---------+-------+---------+---------+-------
